 Dungeon Crawl Stone Soup version 0.21.0-3-g78d12a8 (webtiles) character file.

219 sagitran the Poker (level 5, 0/40 HPs)
             Began as a Demonspawn Gladiator on Jan 8, 2018.
             Was a Follower of Qazlal.
             Slain by an iguana (5 damage)
             ... on level 5 of the Dungeon.
             The game lasted 00:10:39 (3733 turns).

sagitran the Poker (Demonspawn Gladiator)           Turns: 3733, Time: 00:10:39

Health: 0/40       AC: 11    Str: 20    XL:     5   Next: 64%
Magic:  5/5        EV: 12    Int:  9    God:    Qazlal [*.....]
Gold:   157        SH:  2    Dex: 15    Spells: 4/4 levels left

rFire    . . .     SeeInvis .   g - +6 mace (crush)
rCold    . . .     Gourm    .   (no shield)
rNeg     . . .     Faith    .   o - +0 ring mail
rPois    .         Spirit   .   c - +0 helmet
rElec    .         Reflect  .   i - +2 cloak
rCorr    .         Harm     .   (no gloves)
MR       .....                  (no boots)
Stlth    +.........             (no amulet)
HPRegen  0.13/turn              (no ring)
MPRegen  0.09/turn              (no ring)

@: mighty, lethally poisoned (0 -> -8)
A: claws 1, iridescent scales 1
a: Renounce Religion


You were on level 5 of the Dungeon.
You worshipped Qazlal.
Qazlal was aware of your devotion.
You were not hungry.

You visited 1 branch of the dungeon, and saw 5 of its levels.

You collected 157 gold pieces.

Inventory:

Hand Weapons
 a - a +0 trident
 g - a +6 mace of crushing (weapon)
 h - a +2 quarterstaff of chaos
Missiles
 d - 2 throwing nets (quivered)
Armour
 b - a +0 leather armour
 c - a +0 helmet (worn)
 i - a +2 cloak (worn)
 k - a cursed +0 shield
 l - a +0 scale mail
 o - a +0 ring mail (worn)
Wands
 s - a wand of disintegration (10)
Scrolls
 n - 2 scrolls of immolation
 r - a scroll of enchant armour {unknown}
 t - a scroll of fear {unknown}
 u - a scroll of magic mapping
 v - a scroll of fog {unknown}
 w - a scroll of identify
Potions
 j - a potion of degeneration {unknown}
 m - a potion of agility {unknown}
 p - 2 potions of invisibility
 q - a potion of curing {unknown}
Comestibles
 f - 6 rations
 x - 4 chunks of flesh


   Skills:
 + Level 2.8 Fighting
 + Level 1.1 Maces & Flails
 + Level 4.0 Polearms
 + Level 1.9 Throwing
 + Level 1.4 Armour
 + Level 3.4 Dodging
 + Level 1.3 Stealth


You had 4 spell levels left.
You didn't know any spells.

Dungeon Overview and Level Annotations

Branches:
Dungeon (5/15)             Temple (0/1) D:4

Altars:
Ashenzari
Elyvilon
Kikubaaqudgha
Makhleb
Okawaru
Qazlal
Xom

Shops:
D:4 [


Innate Abilities, Weirdness & Mutations

You have sharp fingernails.
You are partially covered in iridescent scales. (AC +2)


Message History

The iguana bites you but does no damage.
You hit the worker ant.
The worker ant is almost dead.
You feel sick. The worker ant bites you.
You are more poisoned.
The worker ant poisons you!
The worker ant bites you but does no damage.
The iguana bites you.
Okay, then.
You sock the worker ant!
You kill the worker ant!
Qazlal accepts your kill.
Your Maces & Flails skill increases to level 1!
You feel sick. The iguana bites you!
* * * LOW HITPOINT WARNING * * *
It was a potion of might.
You feel very mighty all of a sudden.
* * * LOW HITPOINT WARNING * * *
You feel sick. The iguana bites you.
You die...

#...### #..... #
######....####.#
............%..#
..............
...........
#§...####.#
#@†........
#..l..####.#
#.....# #.....#
#.......
#.#......
..#.......
##.....#.#. #.##


You could see an iguana.

Vanquished Creatures
  Crazy Yiuf (D:3)
  An orc wizard (D:3)
  A worker ant (D:5)
  5 adders
  An ooze (D:1)
  4 dart slugs
  A leopard gecko (D:3)
  6 orcs
  3 ball pythons
  7 bats
  A giant cockroach (D:1)
  11 goblins
  8 hobgoblins
  7 jackals
  8 kobolds
  6 frilled lizards
  A quokka skeleton (D:4)
  6 rats
78 creatures vanquished.

Notes
Turn   | Place    | Note
-------+----------+-------------------------------------------
     0 | D:1      | sagitran the Demonspawn Gladiator began the quest for the Orb.
     0 | D:1      | Reached XP level 1. HP: 16/16 MP: 1/1
   126 | D:1      | Reached skill level 3 in Polearms
   126 | D:1      | Gained mutation: You are partially covered in iridescent scales. (AC +2) [demonic ancestry]
   126 | D:1      | Reached XP level 2. HP: 18/22 MP: 2/2
   462 | D:1      | Reached XP level 3. HP: 24/27 MP: 3/3
   688 | D:2      | Found a stormy altar of Qazlal.
   694 | D:2      | Became a worshipper of Qazlal Stormbringer
  1386 | D:3      | Reached skill level 1 in Stealth
  1495 | D:3      | Reached XP level 4. HP: 16/34 MP: 4/4
  1869 | D:3      | Found a runed door.
  1957 | D:3      | Reached * piety under Qazlal
  2188 | D:3      | Reached skill level 4 in Polearms
  2263 | D:3      | Reached skill level 1 in Armour
  2263 | D:3      | Gained mutation: You have sharp fingernails. [demonic ancestry]
  2263 | D:3      | Reached XP level 5. HP: 39/39 MP: 5/5
  2309 | D:3      | Found a shimmering altar of Xom.
  2310 | D:3      | Found a faded altar of an unknown god.
  2900 | D:3      | Noticed Crazy Yiuf
  2906 | D:3      | Killed Crazy Yiuf
  3081 | D:4      | Found a burning altar of Makhleb.
  3105 | D:4      | Found a shattered altar of Ashenzari.
  3134 | D:4      | Found Goeko's Antique Armour Shop.
  3164 | D:4      | Found a staircase to the Ecumenical Temple.
  3201 | D:4      | Found a white marble altar of Elyvilon.
  3204 | D:4      | Found an iron altar of Okawaru.
  3207 | D:4      | Found an ancient bone altar of Kikubaaqudgha.
  3657 | D:5      | Entered Level 5 of the Dungeon
  3732 | D:5      | Reached skill level 1 in Maces & Flails
  3733 | D:5      | Slain by an iguana

Skill      XL: |  1  2  3  4  5 |
---------------+----------------+-----
Polearms       | 3 4 |  4.0
Dodging        | 3 |  3.4
Stealth        | 1 |  1.3
Armour         | 1 |  1.4
Maces & Flails | 1 |  1.1
Fighting       | |  2.8
Throwing       | |  1.9

Action                   |  1- 3 |  4- 6 || total
-------------------------+-------+-------++-------
Melee: Trident           |   146 |    48 ||   194
       Mace              |       |    70 ||    70
Throw: Throwing net      |     2 |       ||     2
Evoke: Wand              |       |     3 ||     3
  Use: Scroll            |       |     9 ||     9
       Potion            |       |     1 ||     1
 Stab: Sleeping          |     1 |       ||     1
  Eat: Chunk             |     2 |     4 ||     6
       Ration            |       |     1 ||     1
Armor: Leather armour    |    49 |    37 ||    86
       Ring mail         |       |    12 ||    12
Dodge: Dodged            |    91 |    94 ||   185
Block: Other             |       |     5 ||     5
